[ AOE2 MATCH · #495354852 ]
UnrankedBulgarians vs Byzantines
Player's team · WIN
Rival team · LOSS
[ REPLAY ANALYSIS · EXTRACTED FROM THE RECORDED GAME ]
Feudal
9:54
Castle
—
Imperial
—
| APM avg | 58.0 |
| APM peak | 91 |
| eAPM avg | 25.7 |
| Villagers / military | 26 / 8 |
Focus
⚔️ 35.2% · 🌾 64.8%
Militia ×7 · Fishing Ship ×6 · Transport Ship ×1
Feudal
9:40
Castle
—
Imperial
—
| APM avg | 76.4 |
| APM peak | 99 |
| eAPM avg | 22.5 |
| Villagers / military | 23 / 9 |
Focus
⚔️ 38.5% · 🌾 61.5%
Spearman ×7 · Fishing Ship ×7 · Militia ×2
Match map
Initial resources + every placement click. Lines = walls · curves = elevation contours. ◆ gold · ⬟ stone · ● berries · ✦ relic · ◌ wall gap
Your base
unfold's base
Smoothed initial terrain · ◌ = detected wall gap · hover for details
Inputs per minute
— SneakySalmon - - unfold
Build order — SneakySalmon
59 actions detected in the replay
| 0:01 | Create | Villager (Male) |
| 0:01 | Create | Villager (Male) |
| 0:01 | Create | Villager (Male) |
| 0:02 | Create | Villager (Male) |
| 0:02 | Create | Villager (Male) |
| 0:03 | Build | House |
| 0:05 | Build | House |
| 1:30 | Build | Lumber Camp |
| 1:31 | Create | Villager (Male) |
| 1:59 | Create | Villager (Male) |
| 2:22 | Create | Villager (Male) |
| 2:23 | Create | Villager (Male) |
| 2:36 | Create | Villager (Male) |
| 2:50 | Build | House |
| 2:53 | Build | Palisade Wall |
| 3:15 | Create | Villager (Male) |
| 3:42 | Create | Villager (Male) |
| 3:42 | Create | Villager (Male) |
| 3:53 | Build | Dock |
| 3:59 | Build | Palisade Wall |
| 4:10 | Create | Villager (Male) |
| 4:11 | Create | Villager (Male) |
| 4:32 | Create | Fishing Ship |
| 4:33 | Create | Villager (Male) |
| 4:58 | Create | Villager (Male) |
| 5:08 | Create | Fishing Ship |
| 5:17 | Build | House |
| 5:19 | Build | Palisade Wall |
| 5:19 | Build | Palisade Wall |
| 5:30 | Create | Villager (Male) |
| 5:30 | Create | Villager (Male) |
| 6:08 | Create | Fishing Ship |
| 6:28 | Create | Villager (Male) |
| 6:28 | Create | Villager (Male) |
| 6:28 | Create | Villager (Male) |
| 7:06 | Research | Loom |
| 7:12 | Build | Barracks |
| 7:44 | Research | Feudal Age |
| 7:44 | Research | Feudal Age |
| 7:51 | Create | Militia |
| 7:52 | Create | Militia |
| 8:11 | Create | Militia |
| 8:17 | Build | House |
| 8:25 | Create | Militia |
| 8:40 | Build | Mining Camp |
| 8:51 | Create | Fishing Ship |
| 8:51 | Create | Transport Ship |
| 9:03 | Build | House |
| 9:05 | Create | Villager (Male) |
| 9:23 | Build | Dock |
| 9:54 | Create | Militia |
| 9:54 | Age | Feudal Age |
| 10:17 | Create | Militia |
| 10:18 | Create | Villager (Male) |
| 10:29 | Create | Militia |
| 10:30 | Create | Villager (Male) |
| 10:36 | Create | Fishing Ship |
| 10:36 | Create | Fishing Ship |
| 11:02 | Create | Villager (Male) |
Build order — unfold
57 actions detected in the replay
| 0:00 | Create | Villager (Male) |
| 0:01 | Create | Villager (Male) |
| 0:02 | Build | House |
| 0:02 | Build | House |
| 0:10 | Create | Villager (Male) |
| 0:21 | Create | Villager (Male) |
| 1:26 | Build | Lumber Camp |
| 1:27 | Create | Villager (Male) |
| 1:59 | Create | Villager (Male) |
| 2:25 | Create | Villager (Male) |
| 2:45 | Create | Villager (Male) |
| 3:05 | Create | Villager (Male) |
| 3:25 | Build | House |
| 3:30 | Create | Villager (Male) |
| 4:08 | Create | Villager (Male) |
| 4:18 | Build | Dock |
| 4:31 | Create | Villager (Male) |
| 4:48 | Create | Villager (Male) |
| 4:55 | Create | Fishing Ship |
| 5:02 | Build | House |
| 5:14 | Create | Villager (Male) |
| 5:22 | Create | Fishing Ship |
| 5:25 | Build | Palisade Wall |
| 5:38 | Create | Villager (Male) |
| 5:55 | Create | Fishing Ship |
| 5:58 | Create | Villager (Male) |
| 6:19 | Create | Villager (Male) |
| 6:29 | Build | House |
| 6:43 | Create | Fishing Ship |
| 6:48 | Research | Loom |
| 7:29 | Research | Feudal Age |
| 7:43 | Create | Fishing Ship |
| 7:57 | Create | Fishing Ship |
| 8:15 | Build | Mining Camp |
| 8:22 | Build | Palisade Wall |
| 8:47 | Build | Barracks |
| 8:50 | Create | Villager (Male) |
| 9:02 | Build | House |
| 9:06 | Create | Villager (Male) |
| 9:07 | Create | Fishing Ship |
| 9:17 | Build | House |
| 9:22 | Create | Militia |
| 9:23 | Create | Militia |
| 9:27 | Build | Palisade Gate |
| 9:36 | Create | Villager (Male) |
| 9:40 | Age | Feudal Age |
| 9:41 | Build | Archery Range |
| 10:05 | Create | Spearman |
| 10:05 | Create | Spearman |
| 10:13 | Create | Spearman |
| 10:13 | Create | Spearman |
| 10:23 | Create | Villager (Male) |
| 10:24 | Create | Spearman |
| 10:25 | Create | Villager (Male) |
| 10:50 | Create | Spearman |
| 10:50 | Create | Spearman |
| 10:54 | Create | Villager (Male) |
Match timeline
| 2:53 | SneakySalmon · wall_segment Palisade Wall x1 |
| 3:53 | SneakySalmon · first_building Dock |
| 3:59 | SneakySalmon · wall_segment Palisade Wall x1 |
| 4:18 | unfold · first_building Dock |
| 5:19 | SneakySalmon · wall_segment Palisade Wall x1 |
| 5:19 | SneakySalmon · wall_segment Palisade Wall x1 |
| 5:25 | unfold · wall_segment Palisade Wall x1 |
| 7:12 | SneakySalmon · first_building Barracks |
| 8:22 | unfold · wall_segment Palisade Wall x3 |
| 8:47 | unfold · first_building Barracks |
| 9:40 | unfold · age_up feudal |
| 9:41 | unfold · first_building Archery Range |
| 9:54 | SneakySalmon · age_up feudal |
| 11:08 | unfold · resign |
[ AI ANALYSIS · 1 CREDIT ]
What really happened in this match?
Wolo.gg analyzes every decision: build order, eco, micro, common mistakes by bracket. Personalized analysis on WhatsApp or Discord in 30 seconds.
Civ guide
Bulgarians
Perfil
SneakySalmon